 Dungeon Crawl Stone Soup version 0.30-a0-1074-g5db6f66fbb (webtiles) character file.

Game seed: 5243113125970789940

5722 Chaicat the Fighter (level 10, 0/96 HPs)
             Began as a Minotaur Berserker on Apr 5, 2023.
             Was an Elder of Trog.
             Slain by a vampire mosquito (7 damage)
             ... on level 11 of the Dungeon on Apr 13, 2023.
             The game lasted 00:21:03 (8159 turns).

Chaicat the Fighter (Minotaur Berserker)            Turns: 8159, Time: 00:21:04

Health: 0/96       AC: 14    Str: 25    XL:     10   Next: 48%
Magic:  9/9        EV: 18    Int:  8    God:    Trog [****..]
Gold:   366        SH:  0    Dex: 11    Spells: 9/9 levels left

rFire   . . .      SeeInvis .    n - +5 battleaxe of the Median {flame, rN+ Int+4}
rCold   . . .      Faith    .    (shield currently unavailable)
rNeg    + . .      Spirit   .    l - +4 scale mail
rPois   +          Reflect  .    (helmet restricted)
rElec   .          Rampage  .    s - +0 cloak
rCorr   .                        k - +0 pair of gloves
Will    ++...                    (no boots) Stlth
                                 (no amulet)
HPRegen 1.36/turn                w - ring of poison resistance
MPRegen 0.11/turn                u - +5 ring of evasion

@: mighty, strong-willed, regenerating
A: horns 2, retaliatory headbutt
a: Renounce Religion, Berserk, Trog's Hand, Brothers in Arms


You were on level 11 of the Dungeon.
You worshipped Trog.
Trog was greatly pleased with you.
You visited 1 branch of the dungeon, and saw 9 of its levels.

You collected 366 gold pieces.

Inventory:

Hand Weapons
 n - the +5 battleaxe of the Median (weapon) {flame, rN+ Int+4}
   (You acquired it on level 5 of the Dungeon)

   Int:       It affects your intelligence (+4).
   rN:        It protects you from negative energy.
Armour
 k - a +0 pair of gloves (worn)
 l - a +4 scale mail (worn)
 s - a +0 cloak (worn)
Jewellery
 e - a ring of magical power
 g - a ring of resist corrosion
 q - a ring of fire
 u - a +5 ring of evasion (right hand)
 w - a ring of poison resistance (left hand)
Wands
 t - a wand of paralysis (6)
 x - a wand of mindburst (8)
Scrolls
 a - 2 scrolls of enchant weapon
 i - 2 scrolls of enchant armour
 j - 4 scrolls of teleportation
 r - a scroll of magic mapping
Potions
 b - a potion of lignification
 d - 4 potions of curing
 f - 3 potions of berserk rage
 h - 4 potions of haste
 m - a potion of mutation {unknown}
 o - a potion of heal wounds {unknown}
 p - 3 potions of flight
Miscellaneous
 v - a phantom mirror


   Skills:
 * Level 11.6 Fighting
 * Level 10.4 Axes
 + Level 8.1 Armour
 + Level 7.5 Dodging
 + Level 3.0 Evocations


You had 9 spell levels left.
You didn't know any spells.
Your spell library was empty.

Dungeon Overview and Level Annotations

Branches:
Dungeon (11/15)            Temple (0/1) D:4            Lair (0/5) D:9
    Orc (0/2) D:9

Altars:
Cheibriados
Dithmenos
Gozag
Hepliaklqana
Trog
Uskayaw

Shops:
D:9 =


Innate Abilities, Weirdness & Mutations

You have a pair of horns on your head.
You reflexively headbutt those who attack you in melee.


Message History

The vampire mosquito barely misses you. You furiously retaliate!
You headbutt the vampire mosquito. The vampire mosquito bites you.
A vampire mosquito comes into view.
The boulder beetle bites you!
* * * LOW HITPOINT WARNING * * *
The vampire mosquito buzzes angrily.
You hit the vampire mosquito. You burn the vampire mosquito.
Your headbutt misses the vampire mosquito.
The vampire mosquito is almost destroyed.
You hit the boulder beetle but do no damage.
You hear a shout! x2
The vampire mosquito closely misses you.
You furiously retaliate!
You headbutt the vampire mosquito.
You destroy the vampire mosquito!
Trog accepts your kill. The boulder beetle bites you.
* * * LOW HITPOINT WARNING * * *
You fail to use your ability.
The boulder beetle bites you!
* * * LOW HITPOINT WARNING * * *
You feel very mighty all of a sudden.
A vampire mosquito comes into view.
The boulder beetle completely misses you.
You slice the boulder beetle!! You burn the boulder beetle!
You headbutt the boulder beetle, but do no damage.
The boulder beetle is almost dead.
You slice the vampire mosquito!! You burn the vampire mosquito!
You destroy the vampire mosquito!
Trog accepts your kill. The boulder beetle bites you!
* * * LOW HITPOINT WARNING * * *
Your Evocations skill increases to level 3!
You barely miss the boulder beetle.
The boulder beetle is almost dead.
The boulder beetle bites you.
* * * LOW HITPOINT WARNING * * *
You slash the boulder beetle! You burn the boulder beetle.
You kill the boulder beetle!
Trog accepts your kill. The vampire mosquito bites you!
You die...

.........#.##....# #
....#####..##...### ...#
#..####.[.#. .# #..##
##!## #..... ... ##...#
#..###.####
#...##....####.###..###.
..........##.....##.....
...........#............
......y@................
......†.................
........................
#....#.................#
...###............##...#
.. ................#..)
. ...............###..
................#..?.
.......)


You could see a vampire mosquito.

Vanquished Creatures
  A boulder beetle (D:11)
  2 two-headed ogres
  A cyclops (D:10)
  A hornet (D:9)
  3 shadows
  3 yaks (D:11)
  2 wraiths (D:11)
  A steam dragon (D:9)
  6 vampire mosquitoes (D:11)
  A water moccasin (D:9)
  An orc warrior (D:9)
  2 centaurs
  Blork the orc (D:4)
  A kobold brigand (D:9)
  A scorpion (D:4)
  14 wights
  3 hounds
  3 orc priests
  Crazy Yiuf (D:4)
  3 iguanas
  A sleepcap (D:5)
  6 orc wizards
  4 adders
  2 worms
  6 dart slugs
  29 orcs
  5 endoplasms
  4 giant cockroaches
  10 goblins
  6 hobgoblins
  12 jackals
  4 quokkas
  7 ball pythons
  9 bats
  3 frilled lizards
  9 kobolds
  3 rats
171 creatures vanquished.

Notes
Turn   | Place    | Note
-------+----------+-------------------------------------------
     0 | D:1      | Chaicat the Minotaur Berserker began the quest for the Orb.
     0 | D:1      | Reached XP level 1. HP: 19/19 MP: 0/0
   331 | D:1      | Reached XP level 2. HP: 27/27 MP: 1/1
   347 | D:1      | Reached skill level 4 in Fighting
   509 | D:1      | Reached ** piety under Trog
   760 | D:1      | Reached XP level 3. HP: 31/34 MP: 2/2
  1064 | D:1      | Upgraded the game from 0.30-a0-1008-g30c9307041 to
                  | 0.30-a0-1016-gfb0d676c02
  1233 | D:2      | Found a faded altar of an unknown god.
  1359 | D:2      | Reached XP level 4. HP: 36/41 MP: 3/3
  1819 | D:2      | Upgraded the game from 0.30-a0-1016-gfb0d676c02 to
                  | 0.30-a0-1053-gbd8d5ba0ad
  2112 | D:3      | Reached skill level 5 in Fighting
  2215 | D:3      | Reached *** piety under Trog
  2664 | D:3      | Found an opulent altar of Gozag.
  2896 | D:3      | Found a hide-covered altar of Uskayaw.
  2929 | D:3      | Found a hazy altar of Hepliaklqana.
  3185 | D:4      | Found a shadowy altar of Dithmenos.
  3213 | D:4      | Found a staircase to the Ecumenical Temple.
  3241 | D:4      | Reached XP level 5. HP: 48/48 MP: 4/4
  3370 | D:4      | Noticed Blork the orc
  3374 | D:4      | Killed Blork the orc
  3375 | D:4      | Reached XP level 6. HP: 57/57 MP: 5/5
  3451 | D:4      | Reached skill level 6 in Fighting
  3619 | D:4      | Found a runed translucent door.
  3620 | D:4      | Noticed Crazy Yiuf
  3743 | D:4      | Found a bloodstained altar of Trog.
  3773 | D:4      | Reached skill level 5 in Axes
  3988 | D:4      | Reached XP level 7. HP: 64/64 MP: 6/6
  4347 | D:4      | Killed Crazy Yiuf
  4382 | D:5      | Entered Level 5 of the Dungeon
  4480 | D:5      | Identified a scroll of acquirement
  4480 | D:5      | Acquired the +5 battleaxe of the Median {flame, rN+ Int+4}
  4549 | D:5      | Reached skill level 7 in Fighting
  4724 | D:5      | Reached **** piety under Trog
  4798 | D:5      | Reached skill level 5 in Armour
  4928 | D:5      | Found a snail-covered altar of Cheibriados.
  5077 | D:6      | Reached skill level 8 in Fighting
  5077 | D:6      | Reached XP level 8. HP: 68/74 MP: 7/7
  5079 | D:6      | Reached skill level 5 in Dodging
  5096 | D:6      | Upgraded the game from 0.30-a0-1053-gbd8d5ba0ad to
                  | 0.30-a0-1074-g5db6f66fbb
  5098 | D:6      | You fall into a shaft and drop 3 floors!
  5247 | D:9      | Found a staircase to the Lair.
  5252 | D:9      | Found a staircase to the Orcish Mines.
  5796 | D:9      | Noticed a two-headed ogre
  5796 | D:9      | Noticed a hornet
  5803 | D:9      | Killed a hornet
  5804 | D:9      | Reached skill level 9 in Fighting
  5807 | D:9      | Killed a two-headed ogre
  5808 | D:9      | Reached XP level 9. HP: 85/85 MP: 8/8
  6043 | D:9      | Found Ruxkaffu's Jewellery Shoppe.
  6074 | D:9      | Reached skill level 10 in Fighting
  6193 | D:9      | Identified the +5 ring mail of Apathy {rC- rN+ Str-5 Int+7}
  6585 | D:10     | Entered Level 10 of the Dungeon
  6645 | D:10     | Noticed a cyclops
  6655 | D:10     | Killed a cyclops
  6741 | D:10     | Reached skill level 1 in Evocations
  6840 | D:10     | Noticed a two-headed ogre
  6847 | D:10     | Killed a two-headed ogre
  6958 | D:10     | Reached XP level 10. HP: 85/94 MP: 9/9
  7858 | D:11     | Reached skill level 11 in Fighting
  7901 | D:11     | Reached skill level 10 in Axes
  8143 | D:11     | Noticed a boulder beetle
  8159 | D:11     | Killed a boulder beetle
  8159 | D:11     | Slain by a vampire mosquito

Illustrated notes

Levels and vault maps discovered:
D:1:      dpeg_arrival_windows_large_door, layout_loops_corners
D:2:      layout_loops_corners, hellmonk_ecumenical_altar_blasted,
          minmay_pentomino_t2
D:3:      layout_loops_ring, nicolae_overflow_hidden_temple,
          mainiacjoe_overflow_two_lobes
D:4:      layout_loops_corners, mainiacjoe_overflow_cross_hatched,
          lemuel_tele_altar, minmay_temple_entry_hall, serial_rivers,
          chequers_serial_rivers_marsh, chequers_serial_rivers_small_3,
          chequers_serial_rivers_micro_e, chequers_serial_rivers_room_a,
          chequers_serial_rivers_micro_b, chequers_serial_rivers_micro_d,
          grunt_ministairs_1, nrook_campfire, kennysheep_nub,
          uniq_blork_the_orc, uniq_crazy_yiuf_cottage
D:5:      layout_cave_pools, lemuel_coloured_pillars_altar,
          chequers_decorated_corner, grunt_decor_one_mirror
D:6:      layout_basic, grunt_ministairs_3
D:9:      layout_loops_corners, lair_entry_dummy, orc_0_dummy, serial_shops,
          nicolae_diamond_shop
D:10:     layout_stronghold
D:11:     layout_cave_pools

Skill      XL: |  1  2  3  4  5  6  7  8  9 10 |
---------------+-------------------------------+-----
Fighting       | 4 5 6 8 9 10 11 | 11.6
Axes           | 4 5 6 8 9 10 | 10.4
Armour         | 3 4 5 6 7 8 |  8.1
Dodging        | 3 4 6 7 |  7.5
Evocations     | 2 3 |  3.0

Action                     |  1- 3 |  4- 6 |  7- 9 | 10-12 || total
---------------------------+-------+-------+-------+-------++-------
  Melee: Hand axe          |    79 |   111 |    12 |       ||   202
         Headbutt          |    11 |    21 |    10 |    12 ||    54
         Punch             |     1 |     3 |       |       ||     4
         Battleaxe         |       |       |    91 |    44 ||   135
 Invoke: Trog's Hand       |       |       |     2 |     1 ||     3
         Berserk           |       |       |     1 |       ||     1
    Use: Scroll            |     3 |     7 |    10 |     2 ||    22
         Potion            |       |       |       |     1 ||     1
   Stab: Sleeping          |     1 |     1 |       |       ||     2
 Armour: Animal skin       |    22 |     9 |       |       ||    31
         Scale mail        |       |    44 |    45 |    20 ||   109
  Dodge: Dodged            |    52 |    56 |    76 |    54 ||   238

Table legend: (Time is in decaauts)
 A = Elapsed time spent in this place.
 B = Non-inter-level travel time spent in this place.
 C = Inter-level travel time spent in this place.
 D = Time resting spent in this place.
 E = Time spent auto-exploring this place.
 F = Levels seen in this place.
 G = Mean time per level.
                   A        B        C        D        E       F      G
               +--------+--------+--------+--------+--------+-----+--------+
         Total |   8230 |   7812 |    418 |    805 |   5774 |   9 |  914.4 |
       Dungeon |   8230 |   7812 |    418 |    805 |   5774 |   9 |  914.4 |
               +--------+--------+--------+--------+--------+-----+--------+

Top non-repeatable levels by time:
     D:9: 1508 daAuts
    D:10: 1347 daAuts
     D:4: 1229 daAuts
     D:3: 1116 daAuts
     D:1: 1082 daAuts
     D:2: 977 daAuts
     D:5: 632 daAuts
    D:11: 238 daAuts
     D:6: 97 daAuts
